 Dungeon Crawl Stone Soup version 0.31-a0-200-gbc41564c69 (webtiles) character file.

Game seed: 14767496659687328256

147 qw the Skirmisher (level 5, 0/29 HPs)
             Began as a Deep Elf Hunter on June 25, 2023.
             Slain by an adder (1 damage)
             ... on level 3 of the Dungeon.
             The game lasted 00:00:39 (1887 turns).

qw the Skirmisher (Deep Elf Hunter)                 Turns: 1887, Time: 00:00:40

Health: 0/29       AC:  6    Str: 10    XL:     5   Next: 7%
Magic:  7/7        EV: 11    Int: 14    God:
Gold:   144        SH:  0    Dex: 18    Spells: 4/4 levels left

rFire   . . .        Y - +0 shortbow (drain)
rCold   . . .        (shield currently unavailable)
rNeg    . . .        f - +0 ring mail
rPois   .            (no helmet)
rElec   .            (no cloak)
rCorr   .            c - +0 pair of gloves
SInv    .            (no boots)
Will    .....        (no amulet)
Stlth   +            (no ring)
HPRegen 0.24/turn    (no ring)
MPRegen 0.10/turn

%: no passive effects
@: lethally poisoned (0 -> -1), about to teleport
A: no striking features
a: no special abilities


You were on level 3 of the Dungeon.
You visited 1 branch of the dungeon, and saw 3 of its levels.

You collected 144 gold pieces.


   Skills:
 - Level 1.5 Fighting
 + Level 8.5 Ranged Weapons
 - Level 2.4 Dodging
 - Level 1.2 Stealth


You had 4 spell levels left.
You didn't know any spells.
Your spell library was empty.

Inventory:

Hand Weapons
 Y - a +0 shortbow of draining (weapon)
Armour
 c - a +0 pair of gloves (worn)
 f - a +0 ring mail (worn)
Scrolls
 a - a scroll of identify
Potions
 d - a potion of enlightenment {unknown}
 e - a potion of curing {unknown}
 g - 2 potions of brilliance {unknown}

Dungeon Overview and Level Annotations

Branches:
Dungeon (3/15)

Altars:
Kikubaaqudgha

Shops:
D:1 [


Message History

The giant cockroach closely misses you.
You have reached level 5!
You shoot an arrow. The adder hisses angrily.
The arrow hits the giant cockroach but does no damage.
You drain the giant cockroach.
The giant cockroach is heavily wounded.
You feel sick. The giant cockroach barely misses you.
You shoot an arrow.
The arrow hits the giant cockroach but does no damage.
You drain the giant cockroach.
The giant cockroach is almost dead.
You feel sick.
You are no longer poisoned.
The giant cockroach bites you but does no damage.
The giant cockroach completely misses you.
You shoot an arrow. The arrow hits the giant cockroach.
You kill the giant cockroach!
You shoot an arrow. The arrow hits the kobold.
You kill the kobold!
A goblin comes into view. It is wielding a +0 trident.
You shoot an arrow. The arrow hits the adder.
The adder is heavily wounded.
The adder completely misses you. The adder bites you.
You shoot an arrow. The arrow closely misses the adder.
The adder bites you.
You are poisoned.
The adder poisons you!
1885 ||| READING scroll of teleportation.
As you read the scroll of teleportation, it crumbles to dust.
You feel strangely unstable.
You feel sick. The adder bites you but does no damage.
You shoot an arrow. The arrow barely misses the adder.
You feel sick. The adder closely misses you. The adder misses you.
You shoot an arrow. The arrow hits the adder.
You drain the adder.
The adder is almost dead.
You feel sick.
The goblin hits you from afar with a +0 trident.
The adder bites you.
You die...

## #.. #...## ### #
#..)###..# ..#
#gS.##.# ## #.
....###@##.# .##..#
......#'##.# ...#.##
#......##.#
##.......
###.......#
##....#.#.
###..##.###.........
###
######..............
...
........#...........
#.#
#.##.####.##.#...##
#.#
#)##.............#


You could see an adder (very drained) and a goblin.

Vanquished Creatures
  Jessica (D:2)
  An iguana (D:3)
  4 adders
  2 worms (D:2)
  A dart slug (D:2)
  3 bats
  5 endoplasms
  4 giant cockroaches
  5 goblins
  4 hobgoblins (D:2)
  2 jackals (D:1)
  4 kobolds
  6 ball pythons
  3 frilled lizards
  4 rats
49 creatures vanquished.

Notes
Turn   | Place    | Note
-------+----------+-------------------------------------------
     0 | D:1      | qw the Deep Elf Hunter began the quest for the Orb.
     0 | D:1      | Reached XP level 1. HP: 12/12 MP: 3/3
     0 | D:1      | 0 ||| qw: Version: 0.3-a-22-g0ed2b0b
     0 | D:1      | 0 ||| qw: Game counter: 5659
     0 | D:1      | 0 ||| qw: Melee chars always use a shield: true
     0 | D:1      | 0 ||| qw: God list: Okawaru
     0 | D:1      | 0 ||| qw: Allow faded altars: false
     0 | D:1      | 0 ||| qw: Do Orc after clearing Dungeon:15 true
     0 | D:1      | 0 ||| qw: Do second Lair branch before Depths: true
     0 | D:1      | 0 ||| qw: Lair rune preference: random
     0 | D:1      | 0 ||| qw: Goals: Normal
     0 | D:1      | 0 ||| PLANNING D:1-11
    10 | D:1      | Found Utule's Antique Armour Shop.
    19 | D:1      | 19 ||| SHOPLISTING ring mail (80 gold, have 31).
    31 | D:1      | 31 ||| FLEEEEING.
   287 | D:1      | Reached skill level 6 in Ranged Weapons
   287 | D:1      | Reached XP level 2. HP: 16/16 MP: 4/4
   887 | D:1      | 887 ||| UPGRADING to +0 ring mail.
   897 | D:1      | 897 ||| DROPPING +0 leather armour.
   898 | D:1      | 898 ||| READING scroll labelled EROWNU XINT.
   899 | D:1      | 899 ||| READING scroll labelled SID KUCVATOAPS.
   900 | D:1      | 900 ||| READING 2 scrolls labelled KUIBBI BUMN.
   901 | D:1      | 901 ||| DROPPING scroll of butterflies.
   902 | D:1      | 902 ||| DROPPING scroll of vulnerability.
  1078 | D:2      | Reached XP level 3. HP: 20/20 MP: 5/5
  1188 | D:2      | Noticed Jessica
  1193 | D:2      | Killed Jessica
  1194 | D:2      | Reached skill level 7 in Ranged Weapons
  1266 | D:2      | Reached XP level 4. HP: 25/25 MP: 6/6
  1613 | D:2      | Found an ancient bone altar of Kikubaaqudgha.
  1764 | D:2      | 1764 ||| UPGRADING to +0 pair of gloves.
  1769 | D:2      | 1769 ||| READING 2 scrolls labelled VUQELUS LEHAO.
  1772 | D:2      | 1772 ||| READING scroll labelled AMPIGEA ALIE.
  1846 | D:3      | Reached skill level 8 in Ranged Weapons
  1879 | D:3      | Reached XP level 5. HP: 11/29 MP: 7/7
  1884 | D:3      | HP: 5/29 [adder (3)]
  1885 | D:3      | 1885 ||| READING scroll of teleportation.
  1887 | D:3      | HP: 2/29 [poisoned by an adder]
  1887 | D:3      | Slain by an adder

Levels and vault maps discovered:
D:1:      dpeg_arrival_stone_temple_mockup, layout_loops_corners, serial_shops,
          shop
D:2:      layout_basic, basic_altar, uniq_jessica
D:3:      minmay_razor_zed, layout_loops_ring, minmay_misc_feat_doors

Skill      XL: |  1  2  3  4 |
---------------+-------------+-----
Ranged Weapons | 6 7 8 |  8.5
Fighting       | |  1.5
Dodging        | |  2.4
Stealth        | |  1.2

Action                     |  1- 3 |  4- 6 || total
---------------------------+-------+-------++-------
   Fire: Shortbow          |    97 |    53 ||   150
    Use: Scroll            |     3 |     3 ||     6
 Armour: Leather armour    |     7 |       ||     7
         Ring mail         |     8 |     9 ||    17
  Dodge: Dodged            |    34 |    21 ||    55

Table legend:
 A = Non-vault XP
 B = Vault XP
 C = Vault XP percentage of total XP
 D = Non-vault monster count
 E = Vault monster count
 F = Vault count percentage of total count
                 A         B        C        D         E       F
            +---------+---------+-------+---------+---------+-------
      Total |     156 |      54 |  25.7 |      44 |       5 |  10.2
            +---------+---------+-------+---------+---------+-------
        D:1 |      34 |       0 |   0.0 |      19 |       0 |   0.0
        D:2 |      68 |      37 |  35.2 |      21 |       1 |   4.5
        D:3 |      54 |      17 |  23.9 |       4 |       4 |  50.0
            +---------+---------+-------+---------+---------+-------
